AoeStats
← [CL]Sendoh

Arabia

510616427Analyzed
2v2 RM · 1d ago on Oct 1, 2026· 27m 2s· 4 players
Game mode
Random Map
Map size
Medium (4 player)
Population
200
Speed
Normal
Resources
Standard
Victory
Conquest
Starting age
Dark Age
Ending age
Imperial Age
RankedLock teamsTeams togetherTeam positionsShared explorationLock speedFull tech treeHidden civsTurbo modeCheats
Victory
Defeat
🇨🇱 Mongols · Chile
1407
+15
🇨🇱 Maya · Chile
1374
+16
🇩🇪 Jurchens · Germany
1409
-17
🇨🇦 Saracens · Canada
1342
-14
Bugzy
7:10 Loom
10:15 Feudal Age
10:53 Double-Bit Axe
15:45 Fletching
22:24 Castle Age
22:42 Town Watch
23:08 Padded Archer Armor
Unimpressed
9:41 Feudal Age
8:53 Loom
10:12 Double-Bit Axe
12:01 Forging
16:00 Scale Barding Armor
20:05 Padded Archer Armor
20:28 Scale Mail Armor
20:23 Fletching
23:49 Bloodlines
[CL]Sendoh
0:53 Loom
9:51 Feudal Age
10:25 Man-at-Arms
10:59 Double-Bit Axe
20:52 Padded Archer Armor
21:54 Fletching
24:29 Castle Age
23:37 Bloodlines
25:08 Forging
25:04 Scale Barding Armor
25:13 Husbandry
25:18 Crossbowman
26:53 Husbandry
[CL]Jigsaw
0:26 Loom
10:20 Feudal Age
10:52 Town Watch
20:38 Fletching
21:00 Forging
21:56 Padded Archer Armor
22:10 Scale Mail Armor
26:01 Double-Bit Axe
Connection lost

Rejoining the realm…

Still unreachable

The connection could not be restored.

Session expired

The server has moved on; the page needs a fresh start.